AoeStats
← 冰蓝

Arena

510749104Analyzed
1v1 RM · 23h ago on Oct 2, 2026· 21m 0s· 2 players
Game mode
Random Map
Map size
Tiny (2 player)
Population
200
Speed
Normal
Resources
Standard
Victory
Conquest
Starting age
Dark Age
Ending age
Imperial Age
RankedLock teamsTeams togetherTeam positionsShared explorationLock speedFull tech treeHidden civsTurbo modeCheats
Victory
Defeat
🇹🇼 Franks · Taiwan
960
+15
🇨🇳 Burgundians · China
949
-44
冰蓝
1:00 Loom
3:18 Double-Bit Axe
6:32 Wheelbarrow
12:45 Feudal Age
11:34 Horse Collar
13:54 Hand Cart
13:50 Heavy Plow
14:18 Gold Mining
17:19 Gold Shaft Mining
yummy900130
9:30 Loom
12:27 Feudal Age
13:16 Double-Bit Axe
16:20 Castle Age
14:51 Double-Bit Axe
16:43 Stone Mining
Connection lost

Rejoining the realm…

Still unreachable

The connection could not be restored.

Session expired

The server has moved on; the page needs a fresh start.